 Dungeon Crawl Stone Soup version 0.28-a0-909-g796cbd3a86 (webtiles) character file.

Game seed: 4357061223200730395

3168 Htamos the Sneak (level 9, -7/64 HPs)
             Began as an Octopode Conjurer on Nov 24, 2021.
             Was a Believer of Vehumet.
             Hit by a boomerang thrown by a skeletal warrior (18 damage)
             ... on level 8 of the Dungeon.
             The game lasted 00:28:25 (11210 turns).

Htamos the Sneak (Octopode Conjurer)               Turns: 11210, Time: 00:28:25

Health: -7/64      AC:  3    Str:  8    XL:     9   Next: 94%
Magic:  25/25      EV: 14    Int: 29    God:    Vehumet [**....]
Gold:   477        SH:  0    Dex: 11    Spells: 1/18 levels left

rFire   . . .      SeeInvis +   i - +2 mace (holy)
rCold   + . .      Faith    .   (no shield)
rNeg    . . .      Spirit   .   g - +2 hat "Ysovif" {rC+ MP+9 Int+2}
rPois   .          Reflect  .   (no amulet)
rElec   .          Harm     .   l - ring of wizardry
rCorr   .          Rampage  .   t - ring of see invisible
Will    .....                   y - ring of wizardry
Stlth   ++++......              (no ring)
HPRegen 0.20/turn               (no ring)
MPRegen 0.19/turn               (no ring)
                                (no ring)
                                (no ring)

@: mighty
A: almost no armour, amphibious, 8 rings, camouflage 1, gelatinous body 1,
(nimble swimmer 1), tentacles, clever 2, strong 1
a: Renounce Religion


You were on level 8 of the Dungeon.
You worshipped Vehumet.
Vehumet was pleased with you.
You visited 2 branches of the dungeon, and saw 9 of its levels.

You collected 477 gold pieces.

Inventory:

Hand Weapons
 d - a +0 club
 f - a +0 dagger
 i - a +2 mace of holy wrath (weapon)
 k - a +3 quarterstaff of chaos
 u - a +0 great sword
 x - a +2 short sword of speed
 E - a +3 spear of freezing
 K - a +0 short sword of holy wrath
Armour
 g - the +2 hat "Ysovif" (worn) {rC+ MP+9 Int+2}
   (You acquired it on level 5 of the Dungeon)

   Int:       It affects your intelligence (+2).
   rC:        It protects you from cold.
   MP:        It affects your magic capacity (+9).
 m - a +0 buckler
 I - a scarf of invisibility
Magical Staves
 p - a staff of cold
Jewellery
 l - a ring of wizardry (left tentacle)
 t - a ring of see invisible (right tentacle)
 y - a ring of wizardry (on tentacle)
 G - an amulet of guardian spirit
Wands
 w - a wand of polymorph (1)
 H - a wand of charming (5)
Scrolls
 a - 2 scrolls of fog
 e - a scroll of amnesia {unknown}
 n - 2 scrolls of vulnerability {unknown}
 v - a scroll of identify {@rr}
 z - a scroll of teleportation
 A - 2 scrolls of blinking
 D - a scroll of immolation {unknown}
 F - a scroll of magic mapping
Potions
 b - 2 potions of haste {unknown}
 c - 3 potions of degeneration {unknown}
 h - a potion of curing {@qc}
 j - a potion of experience {unknown}
 q - a potion of ambrosia {unknown}
 r - a potion of brilliance {unknown}
 s - a potion of heal wounds
 B - a potion of attraction {unknown}
 C - a potion of mutation
 J - a potion of flight


   Skills:
 * Level 7.0 Fighting
 + Level 5.3 Dodging
 + Level 7.6 Stealth
 + Level 3.2 Shields
 + Level 5.1 Spellcasting
 + Level 6.3 Conjurations
 + Level 4.2 Air Magic


You had one spell level left.
You knew the following spells:

 Your Spells              Type           Power      Damage    Failure   Level
a - Magic Dart            Conj           100%       1d8       1%          1
b - Fulminant Prism       Conj/Hex       12%        3d9       4%          4
c - Iskenderun's Mystic   Conj/Tloc      25%        2d7       4%          4
d - Shock                 Conj/Air       100%       1d9       1%          1
e - Dispel Undead         Necr           7%         3d8       16%         4
f - Freeze                Ice            28%        1d5       1%          1
g - Passwall              Tmut/Erth      5%         N/A       2%          2

Your spell library contained the following spells:

 Spells                   Type           Power      Damage    Failure   Level
 Mephitic Cloud           Conj/Pois/Air  27%        N/A       1%          3
 Corpse Rot               Necr/Air       38%        N/A       1%          2
 Searing Ray              Conj           88%        2d7       1%          2
 Dazzling Flash           Conj/Hex       50%        N/A       1%          3
 Swiftness                Air            31%        N/A       1%          3
 Airstrike                Air            15%        N/A       3%          4
 Inner Flame              Hex/Fire       7%         N/A       5%          3
 Cause Fear               Hex            3%         N/A       16%         4
 Death Channel            Necr           3%         N/A       90%         6
 Discord                  Hex            3%         N/A       100%        8


Dungeon Overview and Level Annotations

Branches:
Dungeon (8/15)             Temple (1/1) D:5
   Lair: D:8-11

Altars:
Ashenzari
Cheibriados
Dithmenos
Elyvilon
Fedhas
Gozag
Hepliaklqana
Kikubaaqudgha
Makhleb
Nemelex Xobeh
Okawaru
Qazlal
Ru
Sif Muna
Trog
Uskayaw
Vehumet
Wu Jian
Xom
Yredelemnul
Zin
The Shining One

Shops:
D:5 *

Annotations:
D:4 exclusion: downstairs
D:5 Dowan, Duvessa


Innate Abilities, Weirdness & Mutations

You cannot wear most types of armour.
You are amphibious.
You can wear up to eight rings at the same time.
Your skin changes colour to match your surroundings (Stealth+).
Your rubbery body absorbs attacks. (AC +1, EV +1)
((You are camouflaged near water. (Stealth+)))
You have tentacles for arms and can constrict up to eight enemies at once.
Your mind is very acute. (Int +4)
Your muscles are strong. (Str +2)


Message History

The steam dragon hisses angrily.
You hit the steam dragon. You squeeze the steam dragon.
The steam dragon is moderately wounded.
The steam dragon breathes steam at you. The ball of steam hits you!!
Unknown command.
You hit the steam dragon.
The steam dragon is heavily wounded.
You are engulfed in a cloud of scalding steam.
The steam dragon completely misses you. The steam dragon claws you.
You hit the steam dragon. You squeeze the steam dragon!
The steam dragon is almost dead.
The steam dragon barely misses you. The steam dragon claws you.
The steam dragon barely misses you. The steam dragon claws you.
You closely miss the steam dragon.
The steam dragon is almost dead.
The steam dragon completely misses you. The steam dragon claws you.
You sock the steam dragon!
You kill the steam dragon!
Vehumet accepts your kill.
The skeletal warrior throws a boomerang.
The boomerang closely misses you.
The skeletal warrior hits you from afar with a +0 halberd.
Your Fighting skill increases to level 7!
Unknown command.
The skeletal warrior throws a boomerang.
The boomerang hits you!
* * * LOW HITPOINT WARNING * * *
The skeletal warrior throws a boomerang.
The boomerang closely misses you.
The skeletal warrior throws a boomerang.
The boomerang hits you.
* * * LOW HITPOINT WARNING * * *
The skeletal warrior throws a boomerang.
The boomerang hits you!
* * * LOW HITPOINT WARNING * * *
There is a stone staircase leading up, spattered with blood here.
The skeletal warrior throws a boomerang.
The boomerang hits you!!
You die...

... #.....#.....#.....#...###.#
.z..#.###.#.###.#.###.#....##.#
....#.....#..(..#.....#.....#.#
.......#.....#[....#.....#.....
#......#.###.#.###.#.###.#....#
#.....)#.....#.....#.....#....#
#................[..........#
.##...(..(...................#
..........)...@......z......#.#
..(........###.##.####...####.z
≈..#####...# #..........># #.#
≈. #...# #.##.####.#.# #.# .
#...# ####.# #.#.####.# #....
... #.#....#.. #...## #..
#.#.##)### #...# ... #.#.#.)...
#.#.#.....


You could see a skeletal warrior.

Vanquished Creatures
  A kobold demonologist (D:7)
  A steam dragon (D:8)
  A water moccasin (D:7)
  An orc warrior (D:6)
  A hornet zombie (D:7)
  2 sky beasts (D:7)
  An ice beast (D:6)
  3 black bears
  3 ogres (D:4)
  A centaur (D:8)
  3 kobold brigands
  4 bullfrogs
  A scorpion (D:6)
  A wyvern skeleton (D:7)
  5 wights
  2 hounds
  2 centaur zombies
  Crazy Yiuf (D:2)
  2 jellies
  A gnoll shaman (D:4)
  2 orc priests
  A centaur skeleton (D:7)
  Natasha (thrice) (D:2)
  2 iguanas
  Ijyb (D:3)
  4 orc wizards
  A howler monkey zombie (D:5)
  Robin (D:4)
  3 gnolls (D:4)
  10 adders
  4 shadow imps
  3 adder skeletons (D:4)
  A worm (D:5)
  A dart slug (D:4)
  17 orcs
  4 endoplasms
  4 giant cockroaches
  13 goblins
  13 hobgoblins
  2 jackals (D:1)
  3 quokkas
  6 ball pythons
  2 bats
  18 kobolds
  3 rats
159 creatures vanquished.

Vanquished Creatures (others)
  7 fulminant prisms
  3 plants (Temple)
10 creatures vanquished.

Grand Total: 169 creatures vanquished

Notes
Turn   | Place    | Note
-------+----------+-------------------------------------------
     0 | D:1      | Htamos the Octopode Conjurer began the quest for the Orb.
     0 | D:1      | Reached XP level 1. HP: 11/11 MP: 3/3
   204 | D:1      | Reached XP level 2. HP: 11/18 MP: 0/5
   740 | D:1      | Found a faded altar of an unknown god.
   910 | D:2      | Noticed Natasha
   948 | D:2      | Gained mutation: Your muscles are strong. (Str +2) [potion
                  | of mutation]
   948 | D:2      | Gained mutation: Your mind is acute. (Int +2) [potion of
                  | mutation]
   948 | D:2      | Gained mutation: Your mind is very acute. (Int +4) [potion
                  | of mutation]
   953 | D:2      | Noticed a crimson imp
   953 | D:2      | Killed Natasha
   954 | D:2      | Reached skill level 1 in Fighting
   954 | D:2      | Reached XP level 3. HP: 18/23 MP: 1/6
  1059 | D:2      | Noticed Natasha
  1064 | D:2      | Killed Natasha
  1065 | D:2      | Reached XP level 4. HP: 29/29 MP: 7/7
  1346 | D:2      | Found a runed translucent door.
  1347 | D:2      | Noticed Crazy Yiuf
  1821 | D:2      | Noticed Natasha
  1834 | D:2      | Killed Natasha
  1835 | D:2      | Reached XP level 5. HP: 33/35 MP: 8/8
  1977 | D:2      | Killed Crazy Yiuf
  2363 | D:3      | Learned a level 4 spell: Fulminant Prism
  2368 | D:3      | Learned a level 4 spell: Iskenderun's Mystic Blast
  2390 | D:3      | Noticed Ijyb
  2404 | D:3      | Killed Ijyb
  3147 | D:4      | Noticed Robin
  3247 | D:4      | Reached XP level 6. HP: 42/42 MP: 7/10
  3585 | D:4      | You fall into a shaft and drop 1 floor!
  3585 | D:5      | Entered Level 5 of the Dungeon
  3602 | D:5      | Learned a level 1 spell: Shock
  3614 | D:5      | Found Muemaux's Overcharged Wands.
  3654 | D:5      | Found a staircase to the Ecumenical Temple.
  3660 | Temple   | Entered the Ecumenical Temple
  3742 | Temple   | Became a worshipper of Vehumet
  4405 | D:4      | Killed Robin
  4485 | D:3      | Reached skill level 1 in Air Magic
  4485 | D:3      | Reached XP level 7. HP: 16/46 MP: 11/11
  4851 | D:4      | Reached skill level 5 in Conjurations
  5150 | D:4      | Reached skill level 5 in Stealth
  5481 | D:5      | Noticed Duvessa
  5481 | D:5      | Noticed Dowan
  5614 | D:5      | Reached * piety under Vehumet
  5614 | D:5      | Offered knowledge of Foxfire by Vehumet.
  6084 | D:5      | Reached XP level 8. HP: 44/54 MP: 10/13
  6127 | D:5      | Identified a scroll of acquirement
  6127 | D:5      | Acquired the +2 hat "Ysovif" {rC+ MP+9 Int+2}
  6672 | D:6      | Reached skill level 5 in Fighting
  6672 | D:6      | Reached skill level 1 in Shields
  7164 | D:7      | Found a stormy altar of Qazlal.
  7845 | D:7      | Noticed a kobold demonologist
  7853 | D:7      | Killed a kobold demonologist
  7861 | D:7      | Reached XP level 9. HP: 13/62 MP: 4/15
  8102 | D:6      | Learned a level 4 spell: Dispel Undead
  8824 | D:7      | Reached ** piety under Vehumet
  8824 | D:7      | Offered knowledge of Freeze by Vehumet.
  9114 | D:7      | Learned a level 1 spell: Freeze
 10034 | D:7      | Learned a level 2 spell: Passwall
 10098 | D:8      | Reached skill level 5 in Dodging
 10451 | D:8      | Noticed a skeletal warrior
 10583 | D:8      | Noticed a cyclops
 10828 | D:8      | Reached skill level 5 in Spellcasting
 11023 | D:8      | Offered knowledge of Mephitic Cloud by Vehumet.
 11210 | D:8      | Hit by a boomerang thrown by a skeletal warrior

Illustrated notes

Levels and vault maps discovered:
D:1:      roderic_crossed_star, layout_rooms,
          hellmonk_ecumenical_altar_heavens_door
D:2:      layout_basic, chequers_serial_rivers_marsh, uniq_natasha,
          uniq_crazy_yiuf_cottage
D:3:      layout_rooms, uniq_ijyb
D:4:      layout_cave_pools, nicolae_elevator_lobby_asterisk, uniq_robin
D:5:      layout_basic, minmay_temple_entry_statues_pillars,
          cheibrodos_sewer_entry_bend, nicolae_shop_overcharged_wands,
          uniq_duvessa
D:6:      layout_rooms
D:7:      layout_basic, grunt_qazlal_clouds, minmay_joined_circles
D:8:      hangedman_cross_stitches, layout_basic
Temple:   kilobyte_greek_temple

Skill      XL: |  1  2  3  4  5  6  7  8  9 |
---------------+----------------------------+-----
Stealth        | 3 4 5 6 7 |  7.6
Fighting       | 1 2 3 4 5 7 |  7.0
Dodging        | 3 4 5 |  5.3
Spellcasting   | 3 4 5 |  5.1
Air Magic      | 1 2 3 4 |  4.2
Conjurations   | 5 6 |  6.3
Shields        | 2 3 |  3.2

Action                   |  1- 3 |  4- 6 |  7- 9 || total
-------------------------+-------+-------+-------++-------
Melee: Unarmed           |     5 |       |       ||     5
       Mace              |     9 |    80 |   110 ||   199
       Constrict         |     2 |    21 |    25 ||    48
       Tentacles         |     2 |    13 |    23 ||    38
 Cast: Magic Dart        |    32 |   105 |   163 ||   300
       Fulminant Prism   |       |     4 |     3 ||     7
       Iskenderun's Myst |       |       |    39 ||    39
       Dispel Undead     |       |       |     9 ||     9
       Shock             |       |       |     8 ||     8
       Freeze            |       |       |     4 ||     4
Evoke: Wand              |       |     3 |     2 ||     5
  Use: Potion            |     1 |     1 |     5 ||     7
       Scroll            |       |     3 |     8 ||    11
 Stab: Sleeping          |       |     2 |     1 ||     3
       Paralysed         |       |     6 |     3 ||     9
Armor: Skin              |       |     2 |    17 ||    19
Dodge: Dodged            |    12 |    54 |   140 ||   206

Table legend: (Time is in decaauts)
 A = Elapsed time spent in this place.
 B = Non-inter-level travel time spent in this place.
 C = Inter-level travel time spent in this place.
 D = Time resting spent in this place.
 E = Time spent auto-exploring this place.
 F = Levels seen in this place.
 G = Mean time per level.
                   A        B        C        D        E       F      G
               +--------+--------+--------+--------+--------+-----+--------+
         Total |  11314 |  10864 |    450 |   2760 |   5964 |   9 | 1257.1 |
       Dungeon |  11189 |  10767 |    422 |   2760 |   5940 |   8 | 1398.6 |
        Temple |    125 |     97 |     28 |      0 |     24 |   1 |  125.0 |
               +--------+--------+--------+--------+--------+-----+--------+

Top non-repeatable levels by time:
     D:7: 3275 daAuts
     D:3: 1931 daAuts
     D:4: 1416 daAuts
     D:2: 1271 daAuts
     D:5: 876 daAuts
     D:6: 848 daAuts
     D:8: 804 daAuts
     D:1: 764 daAuts
  Temple: 125 daAuts
